 Dungeon Crawl Stone Soup version 0.30-a0-358-g0d69a1922f (webtiles) character file.

Game seed: 1227890585521194092

9511 Nerdsrcool the Thaumaturge (level 11, -8/84 HPs)
             Began as a Djinni Fire Elementalist on Nov 9, 2022.
             Was an Elder of Fedhas.
             Killed by an exploding elephant (45 damage)
             ... ignited by their inner flame
             ... on level 1 of the Lair of Beasts on Nov 10, 2022.
             The game lasted 01:03:08 (10613 turns).

Nerdsrcool the Thaumaturge (DjFE)                  Turns: 10613, Time: 01:03:09

Health: -8/84      AC: 14    Str: 11    XL:     11   Next: 75%
Gold:   732        EV: 11    Int: 16    God:    Fedhas [****..] SH:  0 Dex: 15

rFire   x . .      SeeInvis .    (weapon currently unavailable)
rCold   + + +      Faith    .    (shield currently unavailable)
rNeg    . . .      Spirit   .    (body armour currently unavailable)
rPois   ∞          Reflect  .    (helmet currently unavailable)
rElec   .          Harm     .    (cloak currently unavailable)
rCorr   +          Rampage  .    (gloves currently unavailable)
Will    +....                    (boots unavailable)
Stlth   +++.......               r - amulet of regeneration
HPRegen 1.14/turn                x - ring of resist corrosion
MPRegen 0.00/turn                o - +4 ring of protection

@: ice-form, flying
A: freezing attack, flying, boosted hp, sickness immunity, large, (fire
resistance 2), (cold vulnerability 1), float, innate caster, HP casting, extra
vitality 1
a: End Transformation, Renounce Religion, Wall of Briars, Grow Ballistomycete,
Overgrow


You were on level 1 of the Lair of Beasts.
You worshipped Fedhas.
Fedhas was greatly pleased with you.
You were a creature of crystalline ice.
You visited 3 branches of the dungeon, and saw 15 of its levels.
You also visited: Ossuary.

You collected 732 gold pieces.

Inventory:

Hand Weapons
 d - a +2 flail
 j - a +0 shortbow of freezing
 B - a +1 flail of protection (melded)
 C - a +1 mace of protection
 E - a +1 scimitar of protection
 G - a +3 scimitar
 H - a +3 falchion
 I - a +2 morningstar
 J - a +4 flail
 P - a +2 scimitar of draining
 Q - a +2 quarterstaff of speed
Missiles
 w - 21 boomerangs
 y - 6 throwing nets
Armour
 a - a +0 robe
 i - a +1 cloak (melded)
 m - a +0 leather armour (melded)
 S - a +0 cloak
Jewellery
 o - a +4 ring of protection (right front paw)
 r - an amulet of regeneration (around neck)
 x - a ring of resist corrosion (left front paw)
 K - an amulet of faith
 N - an amulet of reflection
Wands
 A - a wand of iceblast (14)
 F - a wand of paralysis (14)
 O - a wand of mindburst (19)
Scrolls
 b - a scroll of summoning {unknown}
 e - 3 scrolls of poison
 g - a scroll of immolation {unknown}
 h - a scroll of silence {unknown}
 l - 2 scrolls of noise
 q - a scroll of enchant armour {unknown}
 u - 3 scrolls of vulnerability
 L - a scroll of magic mapping {unknown}
Potions
 c - 2 potions of cancellation {unknown}
 f - a potion of curing
 k - 3 potions of might {unknown}
 n - 5 potions of brilliance
 s - 2 potions of degeneration {unknown}
 t - a potion of ambrosia {unknown}
 v - a potion of magic {unknown}
 z - 3 potions of flight {unknown}
 D - 2 potions of attraction {unknown}
 M - a potion of haste {unknown}
 R - a potion of lignification {unknown}
 T - a potion of invisibility {unknown}


   Skills:
 + Level 2.6 Fighting
 + Level 2.0 Maces & Flails
 + Level 4.2 Armour
 + Level 3.8 Dodging
 + Level 3.9 Stealth
 + Level 0.2 Unarmed Combat
 + Level 12.3 Spellcasting
 + Level 0.6 Invocations
 + Level 1.3 Evocations


You had 6 spell levels left.
You knew the following spells:

 Your Spells              Type           Power      Damage    Failure   Level
a - Foxfire               Conj/Fire      100%       2x1d9     1%          1
b - Scorch                Fire           98%        2d9       1%          2
c - Kindle Blastsparks    Fire/Tloc/Air  98%        2d18      1%          3
d - Inner Flame           Hex/Fire       49%        N/A       1%          3
e - Flame Wave            Conj/Fire      49%        2d12      1%          4
f - Sting                 Tmut/Pois      100%       1d8       1%          1
g - Momentum Strike       Conj/Tloc      98%        3d10      1%          2
h - Call Canine Familiar  Summ           49%        N/A       1%          3
i - Ice Form              Ice/Tmut       49%        N/A       1%          4
j - Lightning Bolt        Conj/Air       24%        1d40      1%          5
Your spell library was empty.

Dungeon Overview and Level Annotations

Branches:
Dungeon (12/15)            Temple (1/1) D:7            Lair (2/5) D:9
Ossuary (visited)
  Swamp: Lair:2-3    Shoals: Lair:2-3     Snake: Lair:2-3    Spider: Lair:2-3
    Orc: D:9-12

Altars:
Ashenzari
Cheibriados
Dithmenos
Elyvilon
Fedhas
Gozag
Hepliaklqana
Makhleb
Nemelex Xobeh
Okawaru
Qazlal
Ru
Trog
Uskayaw
Wu Jian
Xom
Yredelemnul
Zin
The Shining One

Shops:
D:2 *   D:5 (   D:6 [

Annotations:
D:11 1 runed translucent door, Gipleted's ghost, journeyman HOFi


Innate Abilities, Weirdness & Mutations

You are a creature of crystalline ice.
You have a powerful freezing melee attack.
You are flying.
Your maximum health is increased.
Your armour is entirely melded.
You are incapable of wielding weapons or throwing items.
You are immune to sickness and miasma.
You are immune to poison.
((Your flesh is very heat resistant. (rF++)))
((You are vulnerable to cold. (rC-)))
You float through the air rather than walking.
You learn spells naturally, not from books.
Your magical power is your life essence.
You have superior vitality. (+4 MHP)


Message History

The elephant is moderately wounded.
The flame wave engulfs the elephant!
Flame seeps out of the elephant.
The elephant is almost dead.
The flame wave engulfs the elephant.
The elephant is lightly wounded.
The flame wave engulfs your butterfly.
You kill your butterfly!
Your butterfly disappears in a burst of colours!
The flame wave engulfs the elephant!
The elephant is lightly wounded.
The flame wave engulfs your butterfly!
You kill your butterfly!
Your butterfly disappears in a burst of colours!
The flame wave engulfs the wolf!!
The wolf is almost dead.
The flame wave engulfs the wolf!
The wolf is almost dead.
The flame wave engulfs your butterfly!!
You kill your butterfly!
Your butterfly disappears in a burst of colours!
The flame wave engulfs your butterfly!!
You kill your butterfly!
Your butterfly disappears in a burst of colours!
The flame wave engulfs your butterfly!
You kill your butterfly!
Your butterfly disappears in a burst of colours!
Your wolf barely misses the wolf.
The elephant completely misses you. The elephant trunk-slaps you.
The elephant barely misses you.
The elephant trunk-slaps you but does no damage.
The elephant is engulfed in blazing flames.
Fedhas appreciates your contribution to the ecosystem.
You can now transform dungeon walls and trees into plant allies.
The elephant explodes!
The fiery explosion engulfs the wolf!!!
You kill the wolf!
Fedhas appreciates your contribution to the ecosystem.
The fiery explosion engulfs you!!! The fire burns you terribly!
Ouch! That really hurt!
You die...
Fedhas appreciates your contribution to the ecosystem.

.............. #
.............. ##. ....#
..... .... ## ##..b# #.
..... ....##.##b...#...
....#
..........bb............
...†hY.h.b.b............
......YYYb...b#.........
...##○Y#§#.............
##..##......((.....
#..>.......P(.....
#P..b.b...(.(.....
##....b...........
####.............
##.#.#...#....
###..........
#.#..##....


You could see 4 elephants, a wolf and a friendly wolf (summoned).

Vanquished Creatures
  A two-headed ogre (D:8)
  An elephant (Lair:1)
  Joseph (D:7)
  A cane toad (Lair:1)
  Prince Ribbit (D:6)
  5 blink frogs (Lair:1)
  2 wyverns
  10 yaks
  A wraith (D:9)
  3 water moccasins
  An ice beast (D:6)
  A black bear (D:7)
  An orc warrior (D:9)
  3 sky beasts
  4 ogres
  2 wolves (Lair:1)
  4 centaurs
  Blork the orc (D:6)
  3 necrophages
  4 scorpions
  A wyvern zombie (D:7)
  16 wights
  8 killer bees
  4 howler monkeys (D:9)
  A bullfrog zombie (D:7)
  3 centaur zombies (D:7)
  3 hounds
  3 jellies
  3 gnoll boudas
  6 orc priests
  2 iguanas
  10 orc wizards
  4 killer bee zombies (D:7)
  9 mummies
  19 gnolls
  10 adders
  A shadow imp (D:6)
  2 white imps
  3 ufetubi
  A worm (D:4)
  31 orcs
  6 ball pythons
  9 endoplasms
  2 giant cockroaches (D:2)
  3 goblins
  6 hobgoblins
  2 jackals (D:5)
  4 quokkas
  3 training dummies (D:5)
  2 bats (D:3)
  3 frilled lizards
  3 hobgoblin zombies (Ossuary)
  6 kobolds
  3 kobold zombies (Ossuary)
  2 orc zombies (Ossuary)
  7 rats
251 creatures vanquished.

Vanquished Creatures (collateral kills)
  An elephant (Lair:1)
  An orc (D:9)
2 creatures vanquished.

Vanquished Creatures (others)
  1022 foxfires
  4 fungi (Lair:1)
  28 plants
  2 withered plants (D:7)
1056 creatures vanquished.

Grand Total: 1309 creatures vanquished

Notes
Turn   | Place    | Note
-------+----------+-------------------------------------------
     0 | D:1      | Nerdsrcool the Djinni Fire Elementalist began the quest for
                  | the Orb.
     0 | D:1      | Nerdsrcool set off with the following spells memorised:
                  | Foxfire, Scorch, Kindle Blastsparks, Inner Flame, Flame
                  | Wave.
     0 | D:1      | Reached XP level 1. HP: 15/15 MP: 0/0
    91 | D:1      | Reached XP level 2. HP: 14/21 MP: 0/0
   289 | D:1      | Reached skill level 3 in Spellcasting
   367 | D:1      | Reached XP level 3. HP: 23/25 MP: 0/0
   367 | D:1      | Learned a level 1 spell: Sting
  1029 | D:2      | Reached XP level 4. HP: 28/31 MP: 0/0
  1079 | D:2      | Found Xooduoz's General Store.
  1213 | D:2      | Found a faded altar of an unknown god.
  1231 | D:2      | Prayed at the altar of an unknown god.
  1231 | D:2      | Became a worshipper of Fedhas Madash
  1231 | D:2      | Reached * piety under Fedhas
  1493 | D:3      | Reached XP level 5. HP: 13/35 MP: 0/0
  1493 | D:3      | Learned a level 2 spell: Momentum Strike
  1846 | D:3      | Found an ornate altar of the Wu Jian Council.
  1902 | D:3      | Reached skill level 4 in Spellcasting
  2028 | D:3      | Reached ** piety under Fedhas
  2245 | D:4      | Noticed a centaur
  2252 | D:4      | Killed a centaur
  2253 | D:4      | Reached XP level 6. HP: 33/41 MP: 0/0
  2336 | D:4      | Noticed an ogre
  2340 | D:4      | Killed an ogre
  2359 | D:4      | Reached skill level 5 in Spellcasting
  2359 | D:4      | Reached XP level 7. HP: 41/46 MP: 0/0
  2359 | D:4      | Learned a level 3 spell: Call Canine Familiar
  2432 | D:4      | Found a sand-covered staircase.
  2438 | Ossuary  | Entered an ossuary
  2829 | D:4      | Reached skill level 1 in Armour
  2888 | D:4      | Reached skill level 6 in Spellcasting
  3137 | D:4      | Found a glowing silver altar of Zin.
  3233 | D:5      | Entered Level 5 of the Dungeon
  3244 | D:5      | Reached XP level 8. HP: 21/51 MP: 0/0
  3627 | D:5      | Found Filoiru's Firing Range.
  3662 | D:5      | Reached *** piety under Fedhas
  4073 | D:5      | Reached skill level 7 in Spellcasting
  4473 | D:6      | Noticed Prince Ribbit
  4478 | D:6      | Reached skill level 1 in Fighting
  4478 | D:6      | Reached XP level 9. HP: 24/57 MP: 0/0
  4478 | D:6      | Learned a level 4 spell: Ice Form
  4481 | D:6      | Killed Prince Ribbit
  4482 | D:6      | Reached skill level 1 in Maces & Flails
  4692 | D:6      | Reached skill level 8 in Spellcasting
  4845 | D:6      | Noticed Blork the orc
  4858 | D:6      | Killed Blork the orc
  5008 | D:6      | Found Xazaptor's Antique Armour Emporium.
  5183 | D:6      | Found a stormy altar of Qazlal.
  5469 | D:7      | Reached **** piety under Fedhas
  5610 | D:7      | Reached skill level 9 in Spellcasting
  5809 | D:7      | Reached XP level 10. HP: 58/62 MP: 0/0
  6365 | D:7      | Found a staircase to the Ecumenical Temple.
  6399 | Temple   | Entered the Ecumenical Temple
  6484 | D:7      | Noticed Joseph
  6502 | D:7      | Killed Joseph
  6503 | D:7      | Reached skill level 10 in Spellcasting
  6798 | D:7      | Found a shadowy altar of Dithmenos.
  6862 | D:7      | Reached ***** piety under Fedhas
  7117 | D:7      | Found a snail-covered altar of Cheibriados.
  7312 | D:8      | Found an opulent altar of Gozag.
  7393 | D:8      | Found a white marble altar of Elyvilon.
  7525 | D:8      | Noticed a two-headed ogre
  7537 | D:8      | Killed a two-headed ogre
  7881 | D:8      | Reached skill level 11 in Spellcasting
  8665 | D:9      | Reached XP level 11. HP: 55/68 MP: 0/0
  8665 | D:9      | Learned a level 5 spell: Lightning Bolt
  9537 | D:9      | Found a staircase to the Lair.
  9539 | D:9      | You are sucked into a shaft and drop 3 floors!
  9573 | D:11     | Noticed Gipleted's ghost (journeyman HOFi)
  9576 | D:11     | Found a runed translucent door.
  9615 | D:11     | Noticed a two-headed ogre
  9645 | D:10     | Entered Level 10 of the Dungeon
  9857 | Lair:1   | Entered Level 1 of the Lair of Beasts
  9896 | Lair:1   | Reached skill level 1 in Evocations
  9898 | Lair:1   | Reached skill level 12 in Spellcasting
 10056 | Lair:2   | Noticed a merfolk siren
 10593 | Lair:1   | Noticed an elephant
 10593 | Lair:1   | Noticed an elephant
 10598 | Lair:1   | Noticed an elephant
 10600 | Lair:1   | Noticed an elephant
 10601 | Lair:1   | Noticed an elephant
 10602 | Lair:1   | Noticed an elephant
 10610 | Lair:1   | Killed an elephant
 10613 | Lair:1   | Killed an elephant
 10613 | Lair:1   | Killed by an exploding elephant... ignited by their inner
                  | flame

Illustrated notes

Levels and vault maps discovered:
D:1:      minmay_arrival_widening_spiral_wide, layout_basic,
          grunt_decor_one_mirror
D:2:      layout_loops_ring, basic_ecumenical_altar, serial_shops,
          nicolae_lakefront_shop, kennysheep_path_1, minmay_cut_off
D:3:      layout_rooms, mainiacjoe_overflow_surrounded_room,
          lemuel_crystal_altar, nicolae_wu_jian_glorious_leap, glass_columns_b
D:4:      layout_cave_pools, zin_treasury, portal_sewer_entry_d,
          nicolae_ossuary_entry_plus
D:5:      layout_basic, nicolae_shop_firing_range
D:6:      layout_cave_pools, kennysheep_little_box, nicolae_take_the_stairs,
          uniq_blork_the_orc, uniq_prince_ribbit1
D:7:      layout_loops_corners, slow_altar_2,
          nicolae_dithmenos_through_a_glass_darkly,
          minmay_temple_entry_offerings, serial_undead, serial_undead_a,
          serial_undead_a, serial_undead_c, serial_undead_d, serial_undead_a,
          serial_undead_a, uniq_joseph
D:8:      layout_cave_pods, mainiacjoe_overflow_small_starburst,
          elyvilon_altar_5, nicolae_overflow_crystal_walls
D:9:      layout_loops_ring, david_lair_shrubbed
D:10:     layout_grid_maze, erik_orc_4, uniq_lodul, uniq_fannar, uniq_erolcha
D:11:     layout_basic, hellmonk_ghost_happy_afterlife, uniq_urug
D:12:     layout_irregular_city, serial_column_ruins, column_ruins_hut,
          column_ruins_columns_straight, column_ruins_corridor_T,
          column_ruins_open_tiny, column_ruins_open_small,
          column_ruins_open_tiny, column_ruins_grid_1, uniq_rupert,
          uniq_nergalle
Temple:   nicolae_temple_x_marks_the_god
Lair:1:   layout_gridlike, gauntlet_entry_generic, lemuel_fruit_tree
Lair:2:   layout_gridlike, elwin_shoals_entry_stream,
          minmay_snake_entry_guardpost_small

Skill      XL: |  1  2  3  4  5  6  7  8  9 10 11 |
---------------+----------------------------------+-----
Spellcasting   | 3 4 5 6 7 9 11 12 | 12.3
Stealth        | 2 3 |  3.9
Dodging        | 3 |  3.8
Armour         | 1 3 4 |  4.2
Fighting       | 1 2 |  2.6
Maces & Flails | 1 2 |  2.0
Evocations     | 1 |  1.3
Unarmed Combat | |  0.2
Invocations    | |  0.6

Action                   |  1- 3 |  4- 6 |  7- 9 | 10-12 || total
-------------------------+-------+-------+-------+-------++-------
Melee: Flail             |    20 |     2 |     7 |    15 ||    44
       Unarmed           |       |       |       |    10 ||    10
 Cast: Foxfire           |    69 |    91 |   242 |   225 ||   627
       Scorch            |     2 |     9 |    29 |    49 ||    89
       Flame Wave        |       |       |     3 |    10 ||    13
       Kindle Blastspark |       |       |     1 |    17 ||    18
       Sting             |       |       |       |    16 ||    16
       Call Canine Famil |       |       |       |     6 ||     6
       Inner Flame       |       |       |       |     6 ||     6
       Lightning Bolt    |       |       |       |     8 ||     8
       Ice Form          |       |       |       |     2 ||     2
       Momentum Strike   |       |       |       |     1 ||     1
Invok: Wall of Briars    |       |       |       |     3 ||     3
       Grow Ballistomyce |       |       |       |     1 ||     1
Evoke: Wand              |       |       |       |     3 ||     3
  Use: Scroll            |       |       |     7 |     8 ||    15
       Potion            |       |       |       |    13 ||    13
Armor: Robe              |     5 |       |       |       ||     5
       Leather armour    |       |     2 |     7 |    31 ||    40
       Skin              |       |       |       |    14 ||    14
Dodge: Dodged            |    27 |    10 |    29 |    83 ||   149

Table legend: (Time is in decaauts)
 A = Elapsed time spent in this place.
 B = Non-inter-level travel time spent in this place.
 C = Inter-level travel time spent in this place.
 D = Time resting spent in this place.
 E = Time spent auto-exploring this place.
 F = Levels seen in this place.
 G = Mean time per level.
                   A        B        C        D        E       F      G
               +--------+--------+--------+--------+--------+-----+--------+
         Total |  10626 |  10509 |    117 |   1752 |   6545 |  16 |  664.1 |
       Dungeon |   9462 |   9345 |    117 |   1451 |   5973 |  12 |  788.5 |
        Temple |     78 |     78 |      0 |      0 |     46 |   1 |   78.0 |
          Lair |    757 |    757 |      0 |    301 |    296 |   2 |  378.5 |
       Ossuary |    327 |    327 |      0 |      0 |    230 |   1 |  327.0 |
               +--------+--------+--------+--------+--------+-----+--------+

Top non-repeatable levels by time:
     D:7: 1833 daAuts
     D:8: 1343 daAuts
     D:9: 1129 daAuts
     D:5: 1079 daAuts
     D:6: 978 daAuts
     D:2: 834 daAuts
  Lair:1: 754 daAuts
     D:3: 730 daAuts
     D:4: 701 daAuts
     D:1: 645 daAuts
 Ossuary: 327 daAuts
    D:11: 92 daAuts
    D:10: 79 daAuts
  Temple: 78 daAuts
    D:12: 13 daAuts
